 Dungeon Crawl Stone Soup version 0.30-a0-1082-g70414cbcbb (webtiles) character file.

Game seed: 755434080473251764

52 themarg the Conjurer (level 3, -1/24 HPs)
             Began as a Demonspawn Conjurer on Apr 15, 2023.
             Slain by a goblin
             ... wielding a +0 dagger
             ... led by Robin
              (4 damage)
             ... on level 2 of the Dungeon.
             The game lasted 00:04:56 (1330 turns).

themarg the Conjurer (Demonspawn Conjurer)          Turns: 1330, Time: 00:04:56

Health: -1/24      AC:  2    Str:  7    XL:     3   Next: 60%
Magic:  1/6        EV: 12    Int: 21    God:
Gold:   63         SH:  0    Dex: 11    Spells: 4/7 levels left

rFire   . . .      SeeInvis .    n - +1 dagger (venom)
rCold   . . .      Faith    .    (no shield)
rNeg    . . .      Spirit   .    a - +0 robe
rPois   .          Reflect  .    (helmet restricted)
rElec   .          Rampage  .    (no cloak)
rCorr   .                        (no gloves)
Will    .....                    (no boots)
Stlth   ++                       (no amulet)
HPRegen 0.24/turn                (no ring)
MPRegen 0.10/turn                (no ring)

@: very slightly contaminated
A: antennae 1, demonic magic 1
a: no special abilities


You were on level 2 of the Dungeon.
You visited 1 branch of the dungeon, and saw 2 of its levels.

You collected 63 gold pieces.

Inventory:

Hand Weapons
 n - a +1 dagger of venom (weapon)
Missiles
 c - 6 boomerangs
 g - 2 stones
 k - 3 silver boomerangs
 l - 2 javelins
Armour
 a - a +0 robe (worn)
Scrolls
 d - a scroll of blinking {unknown}
 f - 3 scrolls of identify {unknown}
 h - a scroll of poison {unknown}
 i - a scroll of amnesia {unknown}
 j - a scroll of vulnerability {unknown}
 m - a scroll of fear {unknown}
Potions
 b - a potion of magic


   Skills:
 - Level 1.7 Dodging
 - Level 3.0 Stealth
 + Level 2.5 Spellcasting
 + Level 4.3 Conjurations


You had 4 spell levels left.
You knew the following spells:

 Your Spells              Type           Power      Damage    Failure   Level
a - Magic Dart            Conj           84%        1d7       2%          1
b - Searing Ray           Conj           42%        2d6       3%          2

Your spell library contained the following spells:

 Spells                   Type           Power      Damage    Failure   Level
 Dazzling Flash           Conj/Hex       22%        N/A       17%         3
 Fulminant Prism          Conj/Hex       5%         3d7       50%         4
 Iskenderun's Mystic Bla  Conj/Tloc      11%        2d4       50%         4


Dungeon Overview and Level Annotations

Branches:
Dungeon (2/15)

Altars:

Annotations:
D:2 Robin


Innate Abilities, Weirdness & Mutations

You have a pair of small antennae on your head.
Spells you cast may paralyse adjacent enemies.


Message History

Robin, 6 goblins, a hobgoblin and an adder come into view.
A goblin is wielding a +1 dagger of venom.
The goblin shouts! x4; The hobgoblin shouts!
The goblin shouts! x2
The adder hisses angrily.
Robin roars a battlecry!
The goblins go into a battle-frenzy!
The goblin attacks as you move away! The goblin hits you with a +0 dagger.
The goblin attacks as you move away! The goblin hits you with a +0 club.
Aiming: Searing Ray (safe; 3% risk of failure)
Press: ? - help, Shift-Dir - straight line, f - adder
Aim: an adder (63% to hit)
The searing ray hits the goblin!
You kill the goblin!
The searing ray misses the hobgoblin.
The searing ray hits the goblin.
You kill the goblin!
The searing ray hits the adder.
The adder is moderately wounded. (Press . to maintain the ray.) Malevolent energies surge around you.
The searing ray hits the hobgoblin.
The hobgoblin is almost dead.
The searing ray hits the adder!
You kill the adder!
The searing ray misses the goblin.
The hobgoblin hits you.
Training target 3.0 for Stealth reached!
Your Stealth skill increases to level 3!
The searing ray hits the hobgoblin.
You kill the hobgoblin!
The searing ray hits the goblin!
You kill the goblin!
Robin throws the goblin at you! The goblin misses you.
The goblin hits you with a +0 dagger.
* * * LOW HITPOINT WARNING * * *
Aiming: Magic Dart (safe; 2% risk of failure)
Press: ? - help, Shift-Dir - straight line, f - goblin
Aim: a goblin, wielding a +0 dagger (strong, 100% to hit)
You miscast Magic Dart.
You are very lightly contaminated with residual magic.
Nothing appears to happen.
The goblin hits you with a +0 dagger.
You die...

.# ######.....# .#
#######.#...# ..
gg#.........# .#
#g#.##.###..# ..
#g#.##.#....#
#.##g#†#..#.#....
...#...##.########
#.#.####.g.......
#.g.)g)..@.......
#.#>#############
...#.# #####.# #.#
#.# #.# #.#


You could see Robin and 2 goblins.

Vanquished Creatures
  An adder (D:2)
  3 dart slugs (D:1)
  3 ball pythons (D:1)
  3 endoplasms (D:1)
  2 giant cockroaches
  6 goblins
  A hobgoblin (D:2)
  4 jackals (D:1)
  4 bats (D:1)
  3 frilled lizards (D:1)
  2 kobolds (D:1)
  2 rats
34 creatures vanquished.

Notes
Turn   | Place    | Note
-------+----------+-------------------------------------------
     0 | D:1      | themarg the Demonspawn Conjurer began the quest for the
                  | Orb.
     0 | D:1      | Reached XP level 1. HP: 13/13 MP: 3/3
   217 | D:1      | Gained mutation: You have a pair of small antennae on your
                  | head. [demonic ancestry]
   217 | D:1      | Reached XP level 2. HP: 19/19 MP: 1/5
   495 | D:1      | Learned a level 2 spell: Searing Ray
   752 | D:1      | Gained mutation: Spells you cast may paralyse adjacent
                  | enemies. [demonic ancestry]
   752 | D:1      | Reached XP level 3. HP: 24/24 MP: 3/6
  1319 | D:2      | Noticed Robin
  1330 | D:2      | Slain by a goblin

Illustrated notes

Levels and vault maps discovered:
D:1:      dpeg_arrival_tiny_a, layout_basic, minmay_misc_feat_rows
D:2:      layout_basic, uniq_robin

Skill      XL: |  1  2  3 |
---------------+----------+-----
Stealth        | 2 3 |  3.0
Dodging        | |  1.7
Spellcasting   | |  2.5
Conjurations   | |  4.3

Action                     || total
---------------------------++-------
  Melee: Unarmed           ||    44
         Dagger            ||     6
   Cast: Magic Dart        ||    54
         Searing Ray       ||     3
   Stab: Paralysed         ||     1
 Armour: Robe              ||    15
  Dodge: Dodged            ||    42

Table legend: (Time is in decaauts)
 A = Elapsed time spent in this place.
 B = Non-inter-level travel time spent in this place.
 C = Inter-level travel time spent in this place.
 D = Time resting spent in this place.
 E = Time spent auto-exploring this place.
 F = Levels seen in this place.
 G = Mean time per level.
                   A        B        C        D        E       F      G
               +--------+--------+--------+--------+--------+-----+--------+
         Total |   1328 |   1317 |     11 |     23 |   1010 |   2 |  664.0 |
       Dungeon |   1328 |   1317 |     11 |     23 |   1010 |   2 |  664.0 |
               +--------+--------+--------+--------+--------+-----+--------+

Top non-repeatable levels by time:
     D:1: 1124 daAuts
     D:2: 204 daAuts
